 Dungeon Crawl Stone Soup version 0.29.1-2-gbd0b4ee654 (console) character file.

Game seed: 2158963861158242151

3 Goreval the Insei (level 1, 15/15 HPs)
             Began as a Merfolk Transmuter on Nov 14, 2022.
             Was a Follower of Kikubaaqudgha.
             Got out of the dungeon alive.
             The game lasted 00:01:43 (229 turns).

Goreval the Insei (Merfolk Transmuter)               Turns: 229, Time: 00:01:44

Health: 15/15      AC:  2    Str: 10    XL:     1   Next: 50%
Magic:  3/3        EV: 12    Int: 12    God:    Kikubaaqudgha [*.....]
Gold:   18         SH:  0    Dex: 14    Spells: 3/4 levels left

rFire   . . .      SeeInvis .     - Unarmed
rCold   . . .      Faith    .   (no shield)
rNeg    . . .      Spirit   .   a - +0 robe
rPois   .          Reflect  .   (no helmet)
rElec   .          Harm     .   (no cloak)
rCorr   .          Rampage  .   (no gloves)
Will    .....                   (no boots)
Stlth   +.........              (no amulet)
HPRegen 0.05/turn               (no ring)
MPRegen 0.08/turn               (no ring)

@: no status effects
A: (nimble swimmer 2), mertail
a: Renounce Religion, Unearth Wretches


You escaped.
You worshipped Kikubaaqudgha.
Kikubaaqudgha was aware of your devotion.
You visited 1 branch of the dungeon, and saw 1 of its levels.

You collected 18 gold pieces.

Inventory:

Armour
 a - a +0 robe (worn)
Potions
 b - a potion of lignification


   Skills:
 + Level 1.1 Fighting
 + Level 2.7 Dodging
 * Level 3.4 Unarmed Combat
 + Level 2.0 Spellcasting
 * Level 2.8 Transmutations


You had 3 spell levels left.
You knew the following spells:

 Your Spells              Type           Power      Damage    Failure   Level
a - Beastly Appendage     Tmut           16%        N/A       9%          1

Your spell library contained the following spells:

 Spells                   Type           Power      Damage    Failure   Level
 Wereblood                Tmut           8%         N/A       13%         2
 Necrotise                Necr           4%         1d4       26%         1
 Shock                    Conj/Air       4%         1d3       26%         1
 Spider Form              Tmut/Pois      4%         N/A       41%         3
 Swiftness                Air            1%         N/A       63%         3
 Vampiric Draining        Necr           1%         2d6       63%         3
 Ice Form                 Ice/Tmut       4%         N/A       83%         4
 Airstrike                Air            0%         2d(1-17)  95%         4
 Anguish                  Hex/Necr       0%         N/A       95%         4
 Animate Dead             Necr           1%         N/A       95%         4


Dungeon Overview and Level Annotations

Branches:
Dungeon (1/15)

Altars:
Kikubaaqudgha


Innate Abilities, Weirdness & Mutations

((You are very nimble when in or above water. (Stealth+, EV+, Speed+++)))
Your lower body shifts to a powerful aquatic tail in water.


Message History

You closely miss the kobold. You punch the kobold.
You kill the kobold!
No target in view!
Found a ring mail.
Things that are here:
a +0 club; a kobold corpse You see here a +0 ring mail.
Your transformation is almost over.
Your horns disappear.
Things that are here:
a +0 club; a kobold corpse A rat comes into view.
You miscast Beastly Appendage.
You are very lightly contaminated with residual magic.
Nothing appears to happen.
Found 8 gold pieces and a robe.
Found a faded altar of an unknown god.
You hit the rat.
You kill the rat!
Your magical contamination has completely faded away.
You see here a +0 robe.
There is a faded altar of an unknown god here.
You cannot tell which god this altar belongs to.
Convert to them anyway? [Y]es or [N]o only, please.
You cannot tell which god this altar belongs to.
Convert to them anyway?
Kikubaaqudgha accepts your prayer! Kikubaaqudgha welcomes you!
You can now bring forth the wretched and dying.
Kikubaaqudgha grants you a gift!
You add the spells Necrotise, Vampiric Draining, Anguish and Animate Dead to your library.
Okay, then.
Okay, then.
You see here a +0 robe.
Your legs become a tail as you enter the water.
There is an open door here.
You open the door.
There is an open door here.
There is a staircase leading out of the dungeon here.
Are you sure you want to leave the Dungeon?
This will make you lose the game!
You have escaped!

#.........# #.........# #.........#
#.........# ## ######.### . ####..# #.
#.##....### #.##.#..##...# #.#....###.#.##
#.####.###....### #.##.####...#......#
#..............#.#.# ####....##...####.#####
#.#.#..............# ###.#.############.##
#.....# #..# #...### ### ##.# ######
#.#.#######8#######.# #....#
#.#.##...........##.# #P...#######
###.#.##...........##.#
######.P.#.....######...#.##...........##.# .
#..#_#.~.......'.....>#.#.##...........##.#
..#..#[#.~.#.....########.#.##...........##.#
.....P...#........# #...#..'.....@.....'..#
#P..⌠....#P^......####
#.###.##...........####
#P....⌠P.#........'..# #.....##...........#
#P..~P.†.#........##.# ########...........#
#.P..$...P#.......##.#### #...........#
#...P..PP.#P......##....# #...........#
##########.##.....#####.# ######8######
####.#....#######.####.# ###
#....#.#...............#
#.####.#.#########.###.# #.##...#...#.......#
#....#####.#...#.### ###### #[#.##......#
#.#.....#.### ###.).....#.# #...#######.#
#.### ..# #.# ### #.# #.# ###


There were no monsters in sight!

Vanquished Creatures
  An endoplasm (D:1)
  A kobold (D:1)
  A rat (D:1)
3 creatures vanquished.

Notes
Turn   | Place    | Note
-------+----------+-------------------------------------------
     0 | D:1      | Goreval the Merfolk Transmuter began the quest for the Orb.
     0 | D:1      | Reached XP level 1. HP: 15/15 MP: 3/3
   182 | D:1      | Found a faded altar of an unknown god.
   191 | D:1      | Prayed at the altar of an unknown god.
   191 | D:1      | Became a worshipper of Kikubaaqudgha
   191 | D:1      | Reached * piety under Kikubaaqudgha
   191 | D:1      | Received a gift from Kikubaaqudgha
   229 | D:$      | Got out of the dungeon alive.

Illustrated notes

Levels and vault maps discovered:
D:1:      psy_arrival_statuary, layout_basic,
          shapermc_ecumenical_altar_mp_ritualfount

Action                   || total
-------------------------++-------
Melee: Unarmed           ||     3
       Headbutt          ||     1
       Punch             ||     1
 Cast: Beastly Appendage ||     2
